 Dungeon Crawl Stone Soup version 0.17.0 (webtiles) character file.

49 HungrySpirit the Chopper (level 3, 0/31 HPs)
             Began as a Minotaur Gladiator on Nov 6, 2015.
             Killed from afar by Robin (3 damage)
             ... with a wand of magic darts
             ... on level 1 of the Dungeon.
             The game lasted 00:01:37 (1281 turns).

HungrySpirit the Chopper (Minotaur Gladiator)       Turns: 1281, Time: 00:01:37

Health: 0/31       AC: 10    Str: 20    XL:     3   Next: 53%
Magic:  2/2        EV:  6    Int:  5    God:
Gold:   33         SH:  0    Dex: 10    Spells: 0 memorised, 2 levels left

rFire  . . .     SeeInvis .     a - +0 war axe
rCold  . . .     Clarity  .     m - +0 plate armour
rNeg   . . .     SustAt   .     (no shield)
rPois  .         Gourm    .     c - +0 hat
rElec  .         Spirit   .     (no cloak)
rCorr  .         Warding  .     (no gloves)
rMut   .         Stasis   .     (no boots)
MR     .....                    (no amulet)
Stlth  ..........               (no ring)
                                (no ring)

@: not resistant to hostile enchantments, extremely unstealthy
A: retaliatory headbutt, horns 2
a: no special abilities


You were on level 1 of the Dungeon.
You were not hungry.

You visited 1 branch of the dungeon, and saw 2 of its levels.

You collected 33 gold pieces.

Inventory:

Hand Weapons
 a - a +0 war axe (weapon)
Missiles
 d - 3 throwing nets (quivered)
Armour
 b - a +0 leather armour
 c - a +0 hat (worn)
 m - a +0 plate armour (worn)
 o - a +0 buckler
Jewellery
 l - an uncursed ring of magical power {unknown}
 q - an uncursed amulet of warding {unknown}
Scrolls
 f - a scroll of teleportation {unknown}
 k - a scroll of fog {unknown}
 p - a scroll of identify {unknown}
 r - a scroll of magic mapping {unknown}
 s - a scroll of immolation {unknown}
Potions
 g - a potion of mutation {unknown}
 j - a potion of curing {unknown}
Comestibles
 e - a bread ration
 h - a meat ration
 i - a slice of pizza
 n - a royal jelly
 t - 3 chunks of flesh


   Skills:
 + Level 3.3 Fighting
 * Level 5.0 Axes
 - Level 2.0 Throwing
 - Level 3.2 Dodging


You had 2 spell levels left.
You didn't know any spells.

Dungeon Overview and Level Annotations

Branches:
Dungeon (2/15)

Altars:
Gozag
Yredelemnul

Annotations:
D:1 Robin


Innate Abilities, Weirdness & Mutations

You reflexively headbutt those who attack you in melee.
You have a pair of horns on your head.


Message History

You climb upwards.
There is a stone staircase leading down here.
Your plate armour prevents you from hitting Robin.
You headbutt Robin, but do no damage.
Robin zaps a wand.
The magic dart hits you!
You closely miss Robin.
Robin zaps a wand.
The magic dart hits you! Robin hits you but does no damage.
You barely miss Robin.
Robin zaps a wand.
The magic dart hits you!
* * * LOW HITPOINT WARNING * * *
You are too injured to fight recklessly!
Read which item? (? for menu, Esc to quit)
Okay, then.
Robin hits you but does no damage.
Robin zaps a wand.
The magic dart hits you!
* * * LOW HITPOINT WARNING * * *
Robin zaps a wand.
The magic dart hits you!
* * * LOW HITPOINT WARNING * * *
Robin zaps a wand.
The magic dart hits you!
Robin zaps a wand.
The magic dart hits you!
You die...

#.........).# #.....##
#.#########.# #.....## #.#
#....##.# #.....## #.# #....##.#
#.....## #.# #....##.# #.....##
#.# #....##'#####.....##
##########.###............###'##
..........................# #.#
##########.###..@.........###.#
.#####...#...#.###....g...'...# #
.......#.#.#.#.# #........##### #
.#####...#...#.# #####....# #
.#####...#.###.#######...)#######
.....................)...>.......
.#####.#.#.###.##################
.# #.#.#.# #.....>.............
.# #.#...# #.##################


You could see Robin.

Vanquished Creatures
  2 adders (D:2)
  3 bats (D:1)
  A giant cockroach (D:1)
  9 goblins
  8 hobgoblins
  4 kobolds (D:1)
  A quokka (D:2)
  A rat (D:1)
29 creatures vanquished.

Notes
Turn   | Place    | Note
--------------------------------------------------------------
     0 | D:1      | HungrySpirit the Minotaur Gladiator began the quest for the Orb.
     0 | D:1      | Reached XP level 1. HP: 18/18 MP: 0/0
   240 | D:1      | Reached skill level 4 in Axes
   245 | D:1      | Reached XP level 2. HP: 25/25 MP: 1/1
   850 | D:2      | Reached XP level 3. HP: 31/31 MP: 2/2
   860 | D:2      | Found a basalt altar of Yredelemnul.
   860 | D:2      | Found an opulent altar of Gozag.
  1056 | D:2      | Noticed Robin
  1088 | D:2      | Reached skill level 5 in Axes
  1281 | D:1      | Killed from afar by Robin

Action                   || total
-------------------------++-------
Melee: War axe           ||    65
  Eat: Chunk             ||     1
